 Dungeon Crawl Stone Soup version 0.31-a0-7-g51783674b7 (webtiles) character file.

Game seed: 16195861241800237528

112 mandoloar the Changer (level 4, -3/37 HPs)
             Began as an Octopode Transmuter on May 5, 2023.
             Slain by Edmund
             ... wielding a +0 flail of protection
              (11 damage)
             ... on level 4 of the Dungeon.
             The game lasted 00:06:16 (3936 turns).

mandoloar the Changer (Octopode Transmuter)         Turns: 3936, Time: 00:06:16

Health: -3/37      AC:  5    Str:  9    XL:     4   Next: 95%
Magic:  3/7        EV: 10    Int: 17    God:
Gold:   268        SH:  0    Dex: 12    Spells: 0/7 levels left

rFire   x . .        a - melded +0 short sword
rCold   + + +        (shield currently unavailable)
rNeg    . . .        (helmet currently unavailable)
rPois   +            (no amulet)
rElec   .            (no ring)
rCorr   .            (no ring)
SInv    .            (no ring)
Will    .....        (no ring)
Stlth   +            (no ring)
HPRegen 0.26/turn    (no ring)
MPRegen 0.10/turn    (no ring)
                     (no ring)

%: no passive effects
@: ice-form (expiring), wereblooded
A: freezing attack, boosted hp, almost no armour, amphibious, 8 rings, large,
(camouflage 1), (gelatinous body 1), (nimble swimmer 1), (tentacles)
a: End Transformation


You were on level 4 of the Dungeon.
You were a creature of crystalline ice.
You visited 1 branch of the dungeon, and saw 4 of its levels.

You collected 268 gold pieces.

Inventory:

Hand Weapons
 a - a +0 short sword (melded)
Missiles
 k - 5 poisoned darts (quivered)
 l - 25 stones
 o - 5 javelins
Armour
 p - a +0 kite shield
 r - a +0 robe
Scrolls
 e - 5 scrolls of teleportation {unknown}
 h - 2 scrolls of identify {unknown}
 i - 2 scrolls of vulnerability {unknown}
 j - a scroll of magic mapping {unknown}
 m - a scroll of immolation {unknown}
 n - a scroll of poison {unknown}
 s - a scroll of amnesia {unknown}
 t - a scroll of noise {unknown}
 v - a scroll of brand weapon {unknown}
 w - a scroll of torment {unknown}
Potions
 b - a potion of resistance {unknown}
 c - 2 potions of curing {unknown}
 d - a potion of might {unknown}
 f - a potion of ambrosia {unknown}
 g - 2 potions of lignification
 q - a potion of flight {unknown}
 u - a potion of mutation {unknown}


   Skills:
 + Level 3.2 Fighting
 - Level 2.0 Dodging
 - Level 3.0 Unarmed Combat
 - Level 2.0 Spellcasting
 + Level 3.7 Transmutations


You couldn't memorise any spells.
You knew the following spells:

 Your Spells              Type           Power      Damage    Failure   Level
a - Beastly Appendage     Tmut           28%        N/A       4%          1
b - Wereblood             Tmut           14%        N/A       6%          2
c - Ice Form              Ice/Tmut       8%         N/A       65%         4

Your spell library contained the following spells:

 Spells                   Type           Power      Damage    Failure   Level
 Summon Small Mammal      Summ           4%         N/A       19%         1
 Spider Form              Tmut/Pois      8%         N/A       26%         3
 Call Canine Familiar     Summ           1%         N/A       50%         3
 Summon Guardian Golem    Hex/Summ       1%         N/A       50%         3


Dungeon Overview and Level Annotations

Branches:
Dungeon (4/15)
 Temple: D:4-7

Altars:
Dithmenos

Annotations:
D:4 Edmund


Innate Abilities, Weirdness & Mutations

You are a creature of crystalline ice.
You have a powerful freezing melee attack.
Your maximum health is increased.
Your armour is entirely melded.
You are incapable of wielding weapons or throwing items.
You cannot wear most types of armour.
You are amphibious.
You can wear up to eight rings at the same time.
((Your skin changes colour to match your surroundings (Stealth+).))
((Your rubbery body absorbs attacks. (AC +1, EV +1)))
((You are camouflaged when in or above water. (Stealth+)))
((You have tentacles for arms and can constrict up to eight enemies at once.))


Message History

You barely miss Edmund.
Edmund hits you with a +0 flail of protection!
The kobold hits you but does no damage.
You hit Edmund but do no damage.
Edmund hits you with a +0 flail of protection.
The kobold hits you with a +0 short sword.
You are too injured to fight recklessly!
You are too injured to fight recklessly!
You hit Edmund. You freeze Edmund.
Edmund is lightly wounded.
Edmund hits you with a +0 flail of protection.
The kobold hits you with a +0 short sword.
You hit Edmund but do no damage.
Edmund is lightly wounded.
Edmund barely misses you.
The kobold hits you with a +0 short sword.
You hit Edmund but do no damage.
Edmund is lightly wounded.
Edmund misses you. The kobold misses you.
You hit Edmund. You freeze Edmund.
Edmund is moderately wounded.
The kobold hits you with a +0 short sword.
* * * LOW HITPOINT WARNING * * *
Edmund misses you.
You punch Edmund! You freeze Edmund.
Edmund is heavily wounded.
Your transformation is almost over.
Edmund says, "I might not be good at magic, but I can still kill you!"
Edmund closely misses you. The kobold hits you but does no damage.
You hit Edmund but do no damage.
Edmund is heavily wounded.
Edmund hits you with a +0 flail of protection.
* * * LOW HITPOINT WARNING * * *
The kobold hits you with a +0 short sword.
* * * LOW HITPOINT WARNING * * *
You hit Edmund. You freeze Edmund.
Edmund is heavily wounded.
The kobold barely misses you.
Edmund hits you with a +0 flail of protection!
You die...

##.####..........# .
###.....#............. .
#..................... ##.
#..................... #..
#..#.##............>..##..
##.#........##...........#
##.......####...........#
#.....##@K##...#.......<.
##......Y##...# ##.......
##^......##..####...#..#.
####..#.........#......#.>#.
#...##<.........#........##.
#...#..............##.......
##..........##..#.##...##...
##........######.....###...
#........# #..<...# ##.#
#...##..## #.......## ##


You could see Edmund and a kobold.

Vanquished Creatures
  An orc wizard (D:3)
  3 adders
  2 worms
  A dart slug (D:2)
  3 orcs (D:3)
  2 endoplasms
  3 giant cockroaches
  4 goblins
  2 hobgoblins
  4 jackals (D:3)
  6 ball pythons
  6 bats
  3 frilled lizards
  6 kobolds
  8 rats
54 creatures vanquished.

Notes
Turn   | Place    | Note
-------+----------+-------------------------------------------
     0 | D:1      | mandoloar the Octopode Transmuter began the quest for the
                  | Orb.
     0 | D:1      | Reached XP level 1. HP: 13/13 MP: 3/3
   214 | D:1      | Reached XP level 2. HP: 17/18 MP: 3/5
   695 | D:1      | Found a faded altar of an unknown god.
  1242 | D:2      | Reached XP level 3. HP: 17/24 MP: 3/6
  1287 | D:2      | Learned a level 2 spell: Wereblood
  2497 | D:3      | Found a shadowy altar of Dithmenos.
  2581 | D:3      | Reached XP level 4. HP: 28/30 MP: 5/7
  2600 | D:3      | Learned a level 4 spell: Ice Form
  2678 | D:3      | Noticed a phantom
  3833 | D:4      | Noticed Edmund
  3936 | D:4      | Slain by Edmund

Illustrated notes

Levels and vault maps discovered:
D:1:      dpeg_arrival_round_b, layout_basic,
          dreamdust_ecumenical_altar_angels_and_demons, minmay_domino_2
D:2:      layout_loops_ring
D:3:      layout_loops_ring, grunt_dithmenos_smoke_and_mirrors,
          dreamdust_wishing_well
D:4:      layout_cave_pools, grunt_temple_overflow_open, corner_web_ring,
          uniq_edmund, uniq_ijyb, uniq_duvessa

Skill      XL: |  1  2  3  4 |
---------------+-------------+-----
Fighting       | 2 3 |  3.2
Transmutations | 3 |  3.7
Dodging        | |  2.0
Unarmed Combat | |  3.0
Spellcasting   | |  2.0

Action                     |  1- 3 |  4- 6 || total
---------------------------+-------+-------++-------
  Melee: Unarmed           |    17 |    10 ||    27
         Constrict         |    21 |    12 ||    33
         Kick              |    17 |    13 ||    30
         Tentacles         |    14 |     9 ||    23
         Short sword       |    33 |    35 ||    68
         Whip              |    14 |       ||    14
         Punch             |     1 |     1 ||     2
  Throw: Dart              |    14 |    17 ||    31
         Stone             |       |     2 ||     2
   Cast: Beastly Appendage |    47 |    11 ||    58
         Wereblood         |       |     3 ||     3
         Ice Form          |       |     1 ||     1
   Stab: Sleeping          |     2 |       ||     2
 Armour: Skin              |     7 |     5 ||    12
  Dodge: Dodged            |    41 |    39 ||    80

Table legend: (Time is in decaauts)
 A = Elapsed time spent in this place.
 B = Non-inter-level travel time spent in this place.
 C = Inter-level travel time spent in this place.
 D = Time resting spent in this place.
 E = Time spent auto-exploring this place.
 F = Levels seen in this place.
 G = Mean time per level.
                   A        B        C        D        E       F      G
               +--------+--------+--------+--------+--------+-----+--------+
         Total |   3938 |   3586 |    352 |    884 |   2137 |   4 |  984.5 |
       Dungeon |   3938 |   3586 |    352 |    884 |   2137 |   4 |  984.5 |
               +--------+--------+--------+--------+--------+-----+--------+

Top non-repeatable levels by time:
     D:2: 1740 daAuts
     D:1: 1171 daAuts
     D:3: 810 daAuts
     D:4: 216 daAuts
